 Dungeon Crawl Stone Soup version 0.18-a0-1070-gd466a24 (webtiles) character file.

1457 M4edhros the Sneak (level 8, -2/48 HPs)
             Began as an Octopode Artificer on Jan 14, 2016.
             Was a Believer of Fedhas.
             Slain by an ice beast (18 damage)
             ... on level 7 of the Dungeon.
             The game lasted 00:11:32 (6090 turns).

M4edhros the Sneak (Octopode Artificer)             Turns: 6090, Time: 00:11:32

Health: -2/48      AC:  3    Str: 11    XL:     8   Next: 76%
Magic:  18/19      EV: 14    Int: 19    God:    Fedhas [**....]
Gold:   368        SH:  5    Dex: 12    Spells: 0 memorised, 11 levels left

rFire  + + .     SeeInvis .     P - +2 short sword (elec)
rCold  x . .     Gourm    .     y - +0 buckler
rNeg   . . .     Faith    .     S - +2 hat
rPois  .         Spirit   .     u - amulet of dismissal
rElec  .         Dismiss  +     w - ring of magical power
rCorr  .         Reflect  .     t - ring of protection from fire
SustAt .         Harm     .     I - ring of fire
MR     .....                    G - ring of stealth
Stlth  ++++++....               R - +3 ring of intelligence
                                (no ring)
                                (no ring)
                                (no ring)

@: not resistant to hostile enchantments, very stealthy
A: almost no armour, amphibious, 8 rings, constrict 8, camouflage 1, low mp 1,
gelatinous body 1
a: Evolution, Sunlight, Renounce Religion


You were on level 7 of the Dungeon.
You worshipped Fedhas.
Fedhas was pleased with you.
You were hungry.

You visited 2 branches of the dungeon, and saw 8 of its levels.

You collected 368 gold pieces.

Inventory:

Hand Weapons
 P - a +2 short sword of electrocution (weapon)
Missiles
 i - 266 stones (quivered)
 j - 20 sling bullets
 r - 11 sling bullets of flame
 s - 17 poisoned needles
Armour
 y - a +0 buckler (worn)
 S - a +2 hat (worn)
Jewellery
 p - an uncursed ring of ice
 t - a ring of protection from fire (right tentacle)
 u - an amulet of dismissal (around mantle)
 w - a ring of magical power (left tentacle)
 F - an uncursed ring of ice
 G - a ring of stealth (on tentacle)
 I - a ring of fire (on tentacle)
 O - an uncursed ring of ice
 R - a +3 ring of intelligence (on tentacle)
Wands
 b - a wand of flame (6/48)
 c - a wand of enslavement (14/24)
 d - a wand of random effects (6/48)
 q - a wand of draining (10/15)
 J - a wand of invisibility (4/9)
 N - a wand of slowing (20/48)
 Q - a wand of disintegration (1/24)
 T - a wand of frost (1/48)
Scrolls
 e - 2 scrolls of random uselessness {unknown}
 h - a scroll of remove curse
 l - 4 scrolls of fog
 m - 4 scrolls of teleportation
 n - a scroll of enchant weapon {unknown}
 z - a scroll of magic mapping {unknown}
 C - a scroll of fear {unknown}
 D - a scroll of recharging {unknown}
 E - a scroll of blinking {unknown}
 H - 2 scrolls of immolation
 M - 2 scrolls of enchant armour
Potions
 a - a potion of heal wounds {unknown}
 k - a potion of lignification
 o - 4 potions of curing
 x - a potion of flight {unknown}
 A - a potion of might {unknown}
 B - a potion of magic {unknown}
 K - 2 potions of cure mutation {unknown}
Books
 L - a book of Summonings

   Spells                             Type                      Level
   a - Recall                         Summoning/Translocation      3
   b - Aura of Abjuration             Summoning                    5
   c - Summon Demon                   Summoning                    5
   d - Summon Forest                  Summoning/Translocation      5
   e - Summon Mana Viper              Hexes/Summoning              5
   f - Shadow Creatures               Summoning                    6
Comestibles
 f - 4 bread rations
 g - 3 fruits
 v - 2 royal jellies


   Skills:
 - Level 1.0 Fighting
 - Level 1.0 Short Blades
 * Level 5.4 Dodging
 * Level 7.8 Stealth
 * Level 5.0 Shields
 * Level 2.0 Spellcasting
 * Level 2.6 Invocations
 + Level 5.3 Evocations


You had 11 spell levels left.
You didn't know any spells.

Dungeon Overview and Level Annotations

Branches:
Dungeon (7/15)             Temple (1/1) D:5

Altars:
Ashenzari
Elyvilon
Fedhas
Gozag
Makhleb
Okawaru
Pakellas
Qazlal
Ru
Sif Muna
Vehumet
Yredelemnul
Zin
The Shining One

Annotations:
D:2 Sigmund


Innate Abilities, Weirdness & Mutations

You cannot wear most types of armour.
You are amphibious.
You can wear up to eight rings at the same time.
You can use your tentacles to constrict eight enemies at once.
Your skin changes colour to match your surroundings (Stealth).
Your rubbery body absorbs attacks (AC +1).
Your magical capacity is low (-10% MP).


Message History

A gnoll comes into view. It is wielding a spear.
Found a chain mail.
The gnoll hits you with a spear.
Your wandering mushroom releases spores at the gnoll.
The gnoll is engulfed in a cloud of spores!
The gnoll appears confused.
Your wandering mushroom barely misses the ice beast.
You puncture the gnoll! You grab the gnoll.
The gnoll is almost dead.
You constrict the gnoll.
You kill the gnoll!
Your wandering mushroom barely misses the ice beast.
Your wandering mushroom releases spores at the ice beast!
The ice beast is engulfed in a cloud of spores!
A nearby toadstool withers and dies.
Your wandering mushroom closely misses the ice beast. x2
You swap places.
The ice beast hits you. The ice beast freezes you!!
You feel a terrible chill!
You die...
Fedhas appreciates your contribution to the ecosystem.

#. [.# #.##.#####
##.>......
##.......##
#.........#
#.........#
#.........# ..
####...fY)...#....
#..<..).@f........
#..##.....)........
....
#.........##...
##...............#
.. #.
####...........# #.
.............#! .
#.#.#......#..##
...........###...
.#.#.#.##### ###


You could see an ice beast and 2 friendly wandering mushrooms.

Vanquished Creatures
  Duvessa (D:6)
  A sky beast (D:4)
  A necrophage (D:5)
  An ice beast (D:5)
  A centaur (D:4)
  Dowan (D:6)
  2 crimson imps
  A jelly (D:5)
  A giant frog skeleton (D:5)
  An orc priest (D:3)
  3 hounds
  2 iguanas
  An orc wizard (D:5)
  3 worker ants
  A hound skeleton (D:6)
  3 gnolls
  20 adders
  An ooze (D:6)
  A worm (D:5)
  2 adder skeletons
  9 giant geckos
  8 orcs
  12 bats
  7 giant cockroaches
  7 goblins
  5 hobgoblins
  4 quokkas
  2 ball pythons
  A giant gecko skeleton (D:4)
  7 giant newts
  7 kobolds
  9 rats
  A spectral orc (D:4)
127 creatures vanquished.

Vanquished Creatures (collateral kills)
  An orc warrior (D:7)
  A sky beast (D:6)
  2 gnolls (D:5)
  A shadow imp (D:6)
5 creatures vanquished.

Vanquished Creatures (others)
  A necrophage (D:6)
  An ogre (D:6)
  A wandering mushroom (D:6)
  54 toadstools
57 creatures vanquished.

Grand Total: 189 creatures vanquished

Notes
Turn   | Place    | Note
--------------------------------------------------------------
     0 | D:1      | M4edhros the Octopode Artificer began the quest for the Orb.
     0 | D:1      | Reached XP level 1. HP: 13/13 MP: 3/3
   125 | D:1      | Reached XP level 2. HP: 18/18 MP: 4/4
   592 | D:2      | Found a deep blue altar of Sif Muna.
   734 | D:2      | Reached XP level 3. HP: 16/23 MP: 5/5
  1518 | D:3      | Reached skill level 1 in Shields
  1559 | D:3      | Reached XP level 4. HP: 18/28 MP: 6/6
  1993 | D:4      | Found a stormy altar of Qazlal.
  2032 | D:4      | Noticed a sky beast
  2142 | D:4      | Killed a sky beast
  2142 | D:4      | Reached skill level 4 in Stealth
  2142 | D:4      | Reached XP level 5. HP: 14/33 MP: 8/8
  2146 | D:4      | Gained mutation: Your magical capacity is low (-10% MP). [mutagenic meat]
  2209 | D:4      | Noticed an ogre
  2316 | D:4      | Noticed a centaur
  2316 | D:4      | an ogre changed into a centaur
  2319 | D:4      | Killed a centaur
  2319 | D:4      | Reached XP level 6. HP: 27/38 MP: 8/8
  2392 | D:4      | Found a basalt altar of Yredelemnul.
  2403 | D:4      | Reached skill level 5 in Stealth
  2466 | D:4      | Found a white marble altar of Elyvilon.
  2865 | D:5      | Entered Level 5 of the Dungeon
  2888 | D:5      | Noticed an ice beast
  2890 | D:5      | Killed an ice beast
  2890 | D:5      | Reached XP level 7. HP: 43/43 MP: 9/9
  3114 | D:5      | Reached skill level 6 in Stealth
  3236 | D:5      | Found a staircase to the Ecumenical Temple.
  3255 | Temple   | Entered the Ecumenical Temple
  3316 | Temple   | Became a worshipper of Fedhas Madash
  3588 | D:2      | Noticed Sigmund
  4040 | D:2      | Reached * piety under Fedhas
  4315 | D:3      | Found an opulent altar of Gozag.
  4345 | D:3      | Found a faded altar to an unknown god.
  4620 | D:3      | Found an oddly glowing altar of Pakellas.
  4777 | D:5      | Reached XP level 8. HP: 48/48 MP: 10/10
  4915 | D:5      | Reached skill level 7 in Stealth
  4915 | D:5      | Reached skill level 5 in Evocations
  4981 | D:5      | Reached ** piety under Fedhas
  5005 | D:5      | Reached skill level 1 in Invocations
  5287 | D:6      | Reached skill level 1 in Spellcasting
  5304 | D:6      | Reached skill level 5 in Dodging
  5326 | D:6      | Noticed Dowan
  5327 | D:6      | Noticed Duvessa
  5578 | D:6      | Found a radiant altar of Vehumet.
  5579 | D:6      | Found a burning altar of Makhleb.
  5610 | D:6      | Killed Dowan
  5913 | D:6      | Killed Duvessa
  6017 | D:6      | Found a burning altar of Makhleb.
  6079 | D:7      | Reached skill level 5 in Shields
  6090 | D:7      | Slain by an ice beast

Vault maps used:
D:1:      dpeg_arrival_arbitrary_b
D:2:      wad_lake_hut, old_standard_altar, minmay_joined_circles, uniq_sigmund
D:3:      johnstein_pakellas_dig, nicolae_gozag_cash_rules_everything_around_me,
          first_bread, ecumenical_altar_2, grunt_ministairs_9, moated_statue
D:4:      nicolae_overflow_hidden_temple, grunt_qazlal_sundering,
          yredelemnul_forgotten_temple_becter, serial_park_tiny_pond,
          kennysheep_generic_room_3
D:5:      temple_pool_b
D:6:      grunt_temple_overflow_lords_of_destruction,
          makhleb_blood_cavern_becter, uniq_duvessa
D:7:      gammafunk_temple_overflow_statue, grunt_temple_overflow_open,
          serial_glass, glass_columns_a, glass_columns_b, glass_columns_c,
          glass_columns_a, item_on_display_a, item_on_display_a,
          due_unseen_surprise, feat_on_display
Temple:   nicolae_temple_hex_pool

Action                   |  1- 3 |  4- 6 |  7- 9 || total
-------------------------+-------+-------+-------++-------
Melee: Short sword       |    49 |    55 |   169 ||   273
       Glaive            |     8 |       |       ||     8
Invok: Evolution         |       |       |     3 ||     3
       Sunlight          |       |       |     1 ||     1
Evoke: Wand              |       |    11 |     8 ||    19
  Use: Potion            |       |     1 |     2 ||     3
       Scroll            |       |       |     6 ||     6
 Stab: Sleeping          |     6 |     4 |    35 ||    45
       Distracted        |       |       |     2 ||     2
  Eat: Chunk             |     1 |     5 |     4 ||    10
       Meat ration       |       |       |     1 ||     1
       Beef jerky        |       |       |     1 ||     1
